 Dungeon Crawl Stone Soup version 0.31-a0-700-gf13585253f (webtiles) character file.

Game seed: 2046850314396013722

60 GigaChad the Shield-Bearer (level 4, -2/37 HPs)
             Began as a Formicid Fighter on Sept 7, 2023.
             Slain by a gnoll
             ... wielding a +0 flail
              (5 damage)
             ... on level 2 of the Dungeon.
             The game lasted 00:01:25 (1246 turns).

GigaChad the Shield-Bearer (Formicid Fighter)       Turns: 1246, Time: 00:01:25

Health: -2/37      AC:  7    Str: 23    XL:     4   Next: 24%
Magic:  4/4        EV:  9    Int:  7    God:
Gold:   52         SH:  5    Dex: 13    Spells: 3/3 levels left

rFire   . . .        a - +0 war axe
rCold   . . .        c - +0 buckler
rNeg    . . .        b - +0 scale mail
rPois   .            (helmet unavailable)
rElec   .            (no cloak)
rCorr   .            (no gloves)
SInv    +            (no boots)
Will    .....        (no amulet) Stlth
                     (no ring)
HPRegen 0.26/turn    (no ring)
MPRegen 0.09/turn

%: no passive effects
@: lethally poisoned (-2 -> -13)
A: permanent stasis, dig shafts and tunnels, antennae 3, four strong arms
a: Dig, Shaft Self


You were on level 2 of the Dungeon.
You visited 1 branch of the dungeon, and saw 2 of its levels.

You collected 52 gold pieces.

Inventory:

Hand Weapons
 a - a +0 war axe (weapon)
Armour
 b - a +0 scale mail (worn)
 c - a +0 buckler (worn)
Scrolls
 e - a scroll of acquirement {unknown}
 f - a scroll of identify {unknown}
 h - 2 scrolls of enchant weapon {unknown}
 i - a scroll of teleportation {unknown}
 j - a scroll of revelation {unknown}
 l - a scroll of fear {unknown}
Potions
 d - a potion of might
 g - 3 potions of curing
 k - a potion of heal wounds {unknown}


   Skills:
 * Level 3.7 Fighting
 * Level 3.1 Axes
 * Level 3.8 Armour
 * Level 4.4 Shields


You had 3 spell levels left.
You didn't know any spells.
Your spell library contained the following spells:

 Spells                   Type           Power      Damage    Failure   Level
 Manifold Assault         Tloc           0%         N/A       100%        4
 Dispersal                Tloc           0%         N/A       100%        6
 Disjunction              Tloc           0%         N/A       100%        8


Dungeon Overview and Level Annotations

Branches:
Dungeon (2/15)

Altars:


Innate Abilities, Weirdness & Mutations

You cannot be hasted, slowed, berserked, paralysed or teleported.
You can dig through walls and to a lower floor.
You have a pair of large antennae on your head. (SInv)
Your four strong arms can wield two-handed weapons with a shield.


Message History

You kill the kobold!
A gnoll comes into view. It is wielding a +0 club.
The gnoll hits you from afar with a +2 spear of venom.
You are poisoned.
Unknown command.
You feel very sick.
Unknown command.
You barely miss the gnoll. You hit the gnoll but do no damage.
You barely miss the gnoll.
You feel sick.
The gnoll hits you with a +2 spear of venom.
You are more poisoned.
The gnoll hits you with a +0 flail. The gnoll completely misses you.
Unknown command.
You are too injured to fight recklessly!
Unknown command.
You are too injured to fight recklessly!
Unknown command.
You are too injured to fight recklessly!
Unknown command.
You are too injured to fight recklessly!
Okay, then.
It was a potion of curing.
You feel better.
The gnoll hits you with a +2 spear of venom.
You are poisoned.
The gnoll hits you with a +0 flail. The gnoll hits you with a +0 whip.
You barely miss the gnoll. x2; You slash the gnoll!
You feel very sick.
The gnoll hits you but does no damage. x2; The gnoll closely misses you.
The gnoll hits you but does no damage.
You are lethally poisoned!
You hit the gnoll.
The gnoll is moderately wounded.
You slash the gnoll! You barely miss the gnoll.
* * * LOW HITPOINT WARNING * * *
You feel very sick. The gnoll hits you with a +0 flail.
* * * LOW HITPOINT WARNING * * *
The gnoll hits you but does no damage. The gnoll barely misses you.
The gnoll hits you with a +0 flail.
You die...

#........##...# #....#
########.##...# #....#
#######.##...###....#
#.....#.............#
###.....#..........#####
..$....)#..†.).....##...
##......#†##'########...
>.......'.##........#...
......g@###########.#...
..?..!gg# #.#...
..####.g# ####.#... .
.... +........ ##..#
####..... ,...# { ######
##.# #.#


You could see 4 gnolls.

Vanquished Creatures
  An adder (D:2)
  3 dart slugs
  3 bats (D:2)
  7 endoplasms
  2 giant cockroaches
  4 goblins
  5 hobgoblins
  3 ball pythons
  2 frilled lizards (D:1)
  4 kobolds
  7 rats (D:1)
41 creatures vanquished.

Notes
Turn   | Place    | Note
-------+----------+-------------------------------------------
     0 | D:1      | GigaChad the Formicid Fighter began the quest for the Orb.
     0 | D:1      | Reached XP level 1. HP: 18/18 MP: 1/1
   122 | D:1      | Found a faded altar of an unknown god.
   323 | D:1      | Reached XP level 2. HP: 20/24 MP: 2/2
   499 | D:1      | Reached XP level 3. HP: 18/29 MP: 3/3
  1064 | D:2      | Reached XP level 4. HP: 35/37 MP: 4/4
  1246 | D:2      | Slain by a gnoll

Illustrated notes

Levels and vault maps discovered:
D:1:      dpeg_arrival_stone_temple_mockup, layout_loops_ring,
          chequers_ecumenical_altar_simple, serial_forest,
          infiniplex_forest_lined_1, infiniplex_forest_side_room,
          infiniplex_forest_lined_ring, infiniplex_forest_fountain,
          infiniplex_forest_lined_2, infiniplex_forest_zigzag_1,
          infiniplex_forest_straight_2, infiniplex_forest_straight_2,
          infiniplex_forest_fountain
D:2:      layout_basic, kennysheep_generic_room_12

Skill      XL: |  1  2  3  4 |
---------------+-------------+-----
Axes           | 3 |  3.1
Fighting       | |  3.7
Armour         | |  3.8
Shields        | |  4.4

Action                     |  1- 3 |  4- 6 || total
---------------------------+-------+-------++-------
  Melee: War axe           |    86 |    32 ||   118
    Use: Potion            |       |     1 ||     1
 Armour: Scale mail        |    56 |    36 ||    92
  Dodge: Dodged            |    39 |    17 ||    56
  Block: Buckler           |    15 |    10 ||    25

Table legend: (Time is in decaauts)
 A = Elapsed time spent in this place.
 B = Non-inter-level travel time spent in this place.
 C = Inter-level travel time spent in this place.
 D = Time resting spent in this place.
 E = Time spent auto-exploring this place.
 F = Levels seen in this place.
 G = Mean time per level.
                   A        B        C        D        E       F      G
               +--------+--------+--------+--------+--------+-----+--------+
         Total |   1293 |   1255 |     38 |      0 |    977 |   2 |  646.5 |
       Dungeon |   1293 |   1255 |     38 |      0 |    977 |   2 |  646.5 |
               +--------+--------+--------+--------+--------+-----+--------+

Top non-repeatable levels by time:
     D:1: 955 daAuts
     D:2: 337 daAuts
